 Dungeon Crawl Stone Soup version 0.20.1-1-g8b1a95d (webtiles) character file.

45 NoNouf the Sneak (level 3, 0/21 HPs)
             Began as an Octopode Ice Elementalist on Aug 13, 2017.
             Slain by a jackal (1 damage)
             ... on level 1 of the Dungeon.
             The game lasted 00:09:29 (1231 turns).

NoNouf the Sneak (Octopode Ice Elementalist)        Turns: 1231, Time: 00:09:30

Health: 0/21       AC:  1    Str:  7    XL:     3   Next: 64%
Magic:  3/6        EV: 13    Int: 18    God:
Gold:   78         SH:  0    Dex: 12    Spells: 0/6 levels left

rFire    x . .     SeeInvis .   (no weapon)
rCold    + . .     Gourm    .   (no shield)
rNeg     . . .     Faith    .   (helmet restricted)
rPois    .         Spirit   .   (no amulet)
rElec    .         Reflect  .   f - ring of ice
rCorr    .         Harm     .   (no ring)
MR       .....                  (no ring)
Stlth    ++++......             (no ring)
Regen    0.1/turn               (no ring)
MPRegen  0.1/turn               (no ring)
                                (no ring)
                                (no ring)

@: no status effects
A: almost no armour, stealthy swim, amphibious, 8 rings, constrict 8, camouflage
1, gelatinous body 1
a: no special abilities


You were on level 1 of the Dungeon.
You were not hungry.

You visited 1 branch of the dungeon, and saw 1 of its levels.

You collected 78 gold pieces.

Inventory:

Jewellery
 f - a ring of ice (left tentacle)
Scrolls
 e - a scroll of fear {unknown}
Potions
 c - a potion of lignification {unknown}
 d - a potion of mutation {unknown}
 g - a potion of brilliance {unknown}
 i - a potion of degeneration {unknown}
Books
 a - a book of Frost

   Spells                             Type                      Level
   a - Freeze                         Ice                          1
   b - Throw Frost                    Conjuration/Ice              2
   c - Ozocubu's Armour               Charms/Ice                   3
   d - Throw Icicle                   Conjuration/Ice              4
   e - Summon Ice Beast               Ice/Summoning                4
Comestibles
 b - a bread ration
 h - 5 chunks of flesh


   Skills:
 - Level 2.0 Dodging
 - Level 5.0 Stealth
 + Level 2.4 Spellcasting
 - Level 1.0 Conjurations
 - Level 3.0 Ice Magic


You couldn't memorise any spells.
You knew the following spells:

 Your Spells              Type           Power        Failure   Level  Hunger
a - Freeze                Ice            ###.         4%          1    #......
b - Ozocubu's Armour      Chrm/Ice       ##......     28%         3    ###....
c - Throw Frost           Conj/Ice       ##....       12%         2    ##.....


Dungeon Overview and Level Annotations

Branches:
Dungeon (1/15)

Altars:


Innate Abilities, Weirdness & Mutations

You cannot wear most types of armour.
You are very stealthy in the water. (Stealth+)
You are amphibious.
You can wear up to eight rings at the same time.
You can use your tentacles to constrict eight enemies at once.
Your skin changes colour to match your surroundings (Stealth+).
Your rubbery body absorbs attacks. (AC +1, EV +1)


Message History

Your grab misses the jackal. The jackal barely misses you.
You tentacle-slap the jackal. You grab the jackal.
The jackal is lightly wounded.
You constrict the jackal, but do no damage.
The jackal barely misses you. The jackal closely misses you.
You completely miss the jackal. You squeeze the jackal.
You kill the jackal!
You tentacle-slap the jackal. Your grab misses the jackal.
The jackal is moderately wounded.
The jackal barely misses you.
You tentacle-slap the jackal but do no damage.
Your grab misses the jackal.
The jackal is moderately wounded.
The jackal bites you.
* * * LOW HITPOINT WARNING * * *
The jackal bites you.
* * * LOW HITPOINT WARNING * * *
The jackal closely misses you. The jackal bites you.
You die...

........#.....#..............#
..............#.#########.##.#
...........#..#............#.#
....#....#.#..#####..#######.#
.............................#
....##...#.########..#########
...........).># #..#
....##...#.##.#####..#
....##.........h@....#
....#...........####.#
##...............÷...#
........#..b.....#####
.................#
....#....#..÷..###
l...#....#.....#
....#..........#
...............#


You could see a jackal and a bat.

Vanquished Creatures
  An adder (D:1)
  A leopard gecko (D:1)
  3 giant cockroaches (D:1)
  2 goblins (D:1)
  2 hobgoblins (D:1)
  6 jackals (D:1)
  A ball python (D:1)
  A bat (D:1)
  9 frilled lizards (D:1)
  6 kobolds (D:1)
  2 rats (D:1)
34 creatures vanquished.

Notes
Turn   | Place    | Note
-------+----------+-------------------------------------------
     0 | D:1      | NoNouf the Octopode Ice Elementalist began the quest for the Orb.
     0 | D:1      | Reached XP level 1. HP: 11/11 MP: 3/3
   498 | D:1      | Reached skill level 3 in Stealth
   606 | D:1      | Reached XP level 2. HP: 17/17 MP: 3/5
   621 | D:1      | Reached skill level 4 in Stealth
   843 | D:1      | Reached XP level 3. HP: 12/21 MP: 4/6
  1021 | D:1      | Learned a level 3 spell: Ozocubu's Armour
  1024 | D:1      | Learned a level 2 spell: Throw Frost
  1064 | D:1      | Reached skill level 5 in Stealth
  1227 | D:1      | HP: 1/21 [jackal (3)]
  1231 | D:1      | Slain by a jackal

Skill      XL: |  1  2  3 |
---------------+----------+-----
Stealth        | 3 4 5 |  5.0
Dodging        | |  2.0
Spellcasting   | |  2.4
Conjurations   | |  1.0
Ice Magic      | |  3.0

Action                   || total
-------------------------++-------
Melee: Unarmed           ||    49
       Constrict         ||    14
       Tentacles         ||     5
 Cast: Freeze            ||    26
       Throw Frost       ||     6
  Eat: Chunk             ||     2
Armor: Skin              ||     4
Dodge: Dodged            ||    57
